 Dungeon Crawl Stone Soup version 0.27-a0-1154-gfdeffcb720 (webtiles) character file.

Game seed: 11578154503887623751

63 DasRunzen the Ducker (level 3, 0/29 HPs)
             Began as a Demigod Gladiator on May 14, 2021.
             Succumbed to an adder's poison
             ... on level 2 of the Dungeon.
             The game lasted 00:02:10 (1577 turns).

DasRunzen the Ducker (Demigod Gladiator)            Turns: 1577, Time: 00:02:11

Health: 0/29       AC:  4    Str: 15    XL:     3   Next: 63%
Magic:  6/7        EV: 12    Int: 14    God:
Gold:   60         SH:  0    Dex: 15    Spells: 4/4 levels left

rFire    . . .     SeeInvis .   a - +0 long sword
rCold    + . .     Faith    .   (no shield)
rNeg     . . .     Spirit   .   b - +0 leather armour
rPois    .         Reflect  .   c - +0 helmet
rElec    .         Harm     .   (no cloak)
rCorr    .         Rampage  .   (no gloves)
Will     .....                  (no boots)
Stlth    +.........             (no amulet)
HPRegen  0.09/turn              i - ring of wizardry
MPRegen  0.10/turn              j - ring of protection from cold

@: lethally poisoned (0 -> -3)
A: high mp 1, forlorn
a: no special abilities


You were on level 2 of the Dungeon.
You visited 1 branch of the dungeon, and saw 2 of its levels.

You collected 60 gold pieces.

Inventory:

Hand Weapons
 a - a +0 long sword (weapon)
Missiles
 d - 3 throwing nets (quivered)
Armour
 b - a +0 leather armour (worn)
 c - a +0 helmet (worn)
Jewellery
 i - a ring of wizardry (left hand)
 j - a ring of protection from cold (right hand)
Scrolls
 f - 2 scrolls of identify
Potions
 e - a potion of might


   Skills:
 + Level 2.3 Fighting
 + Level 3.1 Long Blades
 - Level 1.7 Throwing
 + Level 1.1 Armour
 + Level 3.1 Dodging
 + Level 1.0 Spellcasting


You had 4 spell levels left.
You didn't know any spells.
Your spell library was empty.

Dungeon Overview and Level Annotations

Branches:
Dungeon (2/15)


Innate Abilities, Weirdness & Mutations

Your attributes grow dramatically as you level up.
You have an increased reservoir of magic. (+10% MP)
You shall have no god before yourself.


Message History

You hit the adder.
You kill the adder!
The adder closely misses you.
You riposte.
You miss the adder.
The adder is almost dead.
Your Spellcasting skill increases to level 1!
Your leather armour prevents you from hitting the adder.
The adder is almost dead.
The adder closely misses you.
You closely miss the adder.
The adder is almost dead.
The adder bites you. x2
You are poisoned.
The adder poisons you!
You closely miss the adder.
The adder is almost dead.
You feel sick. The adder bites you.
You are more poisoned.
The adder poisons you! The adder barely misses you.
You are too injured to fight recklessly!
You are too injured to fight recklessly!
You miss the adder.
The adder is almost dead.
You feel very sick. The adder misses you.
You riposte.
You slash the adder!
You kill the adder!
You closely miss the quokka.
* * * LOW HITPOINT WARNING * * *
You feel sick. The quokka barely misses you.
You closely miss the quokka.
* * * LOW HITPOINT WARNING * * *
You feel sick.
The quokka bites you but does no damage.
The quokka bites you.
* * * LOW HITPOINT WARNING * * *
Okay, then.
You hit the quokka.
You kill the quokka!
* * * LOW HITPOINT WARNING * * *
You feel sick.
You die...

#.#### #.#####.#
#....# #.......#
##....#########†.
.######
#..........[.####
....... #............#
..... #............#
... ###...##.....# #
#.###.#####...##.)...#
#
#.....†.@##...########
# #..##.##.#.....# #
#..........# #
####.#.....##########
#.##...###........
..##.......#######
##########..# # #..# #
#..# #


There were no monsters in sight!

Vanquished Creatures
  2 adders (D:2)
  2 dart slugs (D:1)
  A bat (D:2)
  3 endoplasms (D:1)
  2 giant cockroaches (D:1)
  3 goblins (D:1)
  2 hobgoblins
  7 jackals (D:1)
  4 quokkas
  4 ball pythons
  2 frilled lizards (D:1)
  3 kobolds (D:1)
  2 rats (D:1)
37 creatures vanquished.

Notes
Turn   | Place    | Note
-------+----------+-------------------------------------------
     0 | D:1      | DasRunzen the Demigod Gladiator began the quest for the
                  | Orb.
     0 | D:1      | Reached XP level 1. HP: 17/17 MP: 3/3
   509 | D:1      | Reached XP level 2. HP: 22/24 MP: 4/4
  1171 | D:1      | Reached XP level 3. HP: 27/29 MP: 6/6
  1375 | D:1      | Reached skill level 1 in Armour
  1570 | D:2      | Reached skill level 1 in Spellcasting
  1575 | D:2      | HP: 1/29 [quokka (4)]
  1577 | D:2      | Succumbed to an adder's poison

Illustrated notes

Levels and vault maps discovered:
D:1:      dpeg_arrival_short_road, layout_basic, basic_ecumenical_altar
D:2:      layout_loops_cross, minmay_hedge_maze

Skill      XL: |  1  2  3 |
---------------+----------+-----
Fighting       | 2 |  2.3
Dodging        | 3 |  3.1
Long Blades    | 3 |  3.1
Armour         | 1 |  1.1
Spellcasting   | 1 |  1.0
Throwing       | |  1.7

Action                   || total
-------------------------++-------
Melee: Long sword        ||   101
  Use: Scroll            ||     3
 Stab: Sleeping          ||     3
Armor: Leather armour    ||    34
Dodge: Dodged            ||    88
       Rpst.: Long sword ||    22

Table legend: (Time is in decaauts)
 A = Elapsed time spent in this place.
 B = Non-inter-level travel time spent in this place.
 C = Inter-level travel time spent in this place.
 D = Time resting spent in this place.
 E = Time spent auto-exploring this place.
 F = Levels seen in this place.
 G = Mean time per level.
                   A        B        C        D        E       F      G
               +--------+--------+--------+--------+--------+-----+--------+
         Total |   1600 |   1583 |     17 |    175 |   1178 |   2 |  800.0 |
       Dungeon |   1600 |   1583 |     17 |    175 |   1178 |   2 |  800.0 |
               +--------+--------+--------+--------+--------+-----+--------+

Top non-repeatable levels by time:
     D:1: 1421 daAuts
     D:2: 179 daAuts
